 Dungeon Crawl Stone Soup version 0.26-b1-32-g5d43845318 (webtiles) character file.

Game seed: 6905375512891633380

295 Borgoz the Skirmisher (level 6, 0/39 HPs)
             Began as a Gargoyle Abyssal Knight on Jan 10, 2021.
             Was a Believer of Lugonu.
             Slain by an ogre
             ... wielding a +0 giant club
              (24 damage)
             ... on level 4 of the Dungeon.
             The game lasted 00:05:26 (4404 turns).

Borgoz the Skirmisher (Gargoyle Abyssal Knight)     Turns: 4404, Time: 00:05:27

Health: 0/39       AC: 12    Str: 15    XL:     6   Next: 34%
Magic:  7/7        EV: 11    Int: 13    God:    Lugonu [**....]
Gold:   197        SH:  0    Dex: 11    Spells: 5/5 levels left

rFire    + . .     SeeInvis .   a - +1 mace
rCold    . . .     Faith    .   (no shield)
rNeg     + . .     Spirit   .   l - +0 ring mail
rPois    ∞         Reflect  .   (no helmet)
rElec    +         Harm     .   (no cloak)
rCorr    .         Rampage  .   b - +0 pair of gloves
Will     .....                  s - +0 pair of boots (curse)
Stlth    +.........             (no amulet)
HPRegen  0.13/turn              (no ring)
MPRegen  0.10/turn              n - ring of protection from fire

@: no status effects
A: negative energy resistance 1, electricity resistance, unbreathing,
petrification resistance, miasma immunity, AC +4
a: Renounce Religion, Depart the Abyss, Bend Space


You were on level 4 of the Dungeon.
You worshipped Lugonu.
Lugonu was pleased with you.
You visited 1 branch of the dungeon, and saw 4 of its levels.
You visited the Abyss 1 time.

You collected 197 gold pieces.

Inventory:

Hand Weapons
 a - a +1 mace (weapon)
Armour
 b - a +0 pair of gloves (worn)
 l - a +0 ring mail (worn)
 s - a cursed +0 pair of boots (worn)
Jewellery
 n - a ring of protection from fire (right hand)
Scrolls
 d - a scroll of remove curse {unknown}
 e - 4 scrolls of teleportation {unknown}
 f - 2 scrolls of fog {unknown}
 g - 3 scrolls of enchant weapon {unknown}
 j - 2 scrolls of enchant armour {unknown}
 m - a scroll of magic mapping {unknown}
 o - a scroll of noise {unknown}
 p - 6 scrolls of identify {unknown}
 r - a scroll of fear {unknown}
 t - a scroll of amnesia {unknown}
 u - a scroll of random uselessness {unknown}
 v - 3 scrolls of blinking {unknown}
Potions
 c - a potion of mutation {unknown}
 h - a potion of degeneration {unknown}
 i - 2 potions of heal wounds {unknown}
 k - a potion of flight {unknown}
 w - a potion of lignification {unknown}


   Skills:
 + Level 4.3 Fighting
 * Level 4.1 Maces & Flails
 + Level 3.4 Armour
 * Level 2.8 Dodging
 - Level 2.0 Invocations


You had 5 spell levels left.
You didn't know any spells.
Your spell library was empty.

Dungeon Overview and Level Annotations

Branches:
Dungeon (4/15)
 Temple: D:4-7

Altars:
Dithmenos
Elyvilon
Wu Jian
Yredelemnul
Zin


Innate Abilities, Weirdness & Mutations

You are resistant to torment.
Your stone body is resilient. (AC +4)
You are immune to poison.
You resist negative energy. (rN+)
You are resistant to electric shocks. (rElec)
You can survive without breathing.
You are immune to petrification.
You are immune to miasma.


Message History

No target in view!
An ogre comes into view. It is wielding a +0 giant club.
The ogre shouts!
An ogre is nearby!
Found a scroll labelled LINGUUDIOM.
The ogre closely misses you.
You hit the ogre but do no damage. The ogre hits you with a +0 giant club!
You sock the ogre!
The ogre is moderately wounded.
The ogre hits you with a +0 giant club!
You are too injured to fight recklessly!
Non-targeted abil: Depart the Abyss
Press: ? - help, Q - select action, (/) - cycle Dir - look around, f - activate
Okay, then.
You feel better.
You barely miss the ogre.
The ogre is moderately wounded.
The ogre hits you with a +0 giant club!!
Ouch! That really hurt!
You die...

######### #.......####
########## #...@O......
.........####.##.......#
###...........##.......#
#.#######............#
#.# #.####.......# #.#
#.# #.......#
###.#######.# #..?....#
#...........# ####.#.##
.....# ###


You could see an ogre.

Vanquished Creatures
  A scorpion (D:4)
  An orc priest (D:4)
  A hound (D:4)
  2 orc wizards
  An adder (D:2)
  2 oozes
  An adder skeleton (D:4)
  6 worms
  3 dart slugs
  2 leopard geckos
  10 orcs
  5 giant cockroaches
  5 goblins
  7 hobgoblins
  6 jackals
  2 ball pythons (D:1)
  6 bats
  6 frilled lizards
  2 gnoll zombies (D:3)
  8 kobolds
  7 rats
84 creatures vanquished.

Vanquished Creatures (others)
  A plant (D:4)
1 creature vanquished.

Grand Total: 85 creatures vanquished

Notes
Turn   | Place    | Note
-------+----------+-------------------------------------------
     0 | Abyss:1  | Borgoz the Gargoyle Abyssal Knight began the quest for the
                  | Orb.
     0 | Abyss:1  | Reached XP level 1. HP: 14/14 MP: 2/2
    22 | Abyss:1  | Found a corrupted altar of Lugonu.
   179 | Abyss:1  | Noticed a large abomination
   180 | D:1      | Escaped the Abyss
   333 | D:1      | Reached skill level 1 in Dodging
   340 | D:1      | Reached * piety under Lugonu
   370 | D:1      | Reached XP level 2. HP: 19/19 MP: 3/3
   680 | D:1      | Reached XP level 3. HP: 22/23 MP: 4/4
  1811 | D:2      | Reached XP level 4. HP: 12/28 MP: 5/5
  2723 | D:3      | Found a glowing silver altar of Zin.
  3024 | D:3      | Reached XP level 5. HP: 28/33 MP: 6/6
  3175 | D:3      | Found a basalt altar of Yredelemnul.
  3228 | D:3      | Reached ** piety under Lugonu
  3465 | D:3      | Found an ornate altar of the Wu Jian Council.
  3524 | D:3      | Found a shadowy altar of Dithmenos.
  3525 | D:3      | Found a white marble altar of Elyvilon.
  3886 | D:4      | Reached XP level 6. HP: 19/38 MP: 7/7
  4404 | D:4      | Slain by an ogre

Illustrated notes

Levels and vault maps discovered:
D:1:      amcnicky_arrival_abandoned_market, layout_loops_ring
D:2:      layout_loops_corners, serial_co_window_serial, co_window_cross_1,
          co_window_paths_b, co_window_of_opportunity_a, co_window_corner_a,
          co_window_paths_a, co_window_broadway_c, co_window_of_opportunity_c,
          co_window_of_opportunity_c, co_window_broadway_a, co_window_cross_4,
          glass_columns_a, glass_columns_a
D:3:      layout_rooms, nzn_wu_jian_contemplation,
          lemuel_zombie_altar_yredelemnul, zin_scriptorium,
          gammafunk_temple_overflow_statue, minmay_misc_feat_hallway
D:4:      corexii_shack_village, layout_loops_ring, led_sif_book

Skill      XL: |  1  2  3  4  5 |
---------------+----------------+-----
Dodging        | 1 2 |  2.8
Maces & Flails | 3 4 |  4.1
Fighting       | 4 |  4.3
Armour         | 3 |  3.4
Invocations    | |  2.0

Action                   |  1- 3 |  4- 6 || total
-------------------------+-------+-------++-------
Melee: Mace              |    51 |    62 ||   113
       Whip              |    75 |   189 ||   264
Invok: Depart the Abyss  |     1 |       ||     1
  Use: Potion            |       |     3 ||     3
Armor: Leather armour    |    24 |       ||    24
       Ring mail         |    18 |   132 ||   150
Dodge: Dodged            |    63 |   132 ||   195
